TOP OF THE 1ST |
---|
Wake Forest Demon Deacons batting - Pitching for Georgetown Hoyas : LHP Jack Mathews | Pitching: LHP Jack Mathews | | Batting: RHB Tyler Robinson | 0-0: Called Strike 0-1: Called Strike 0-2: Strikes out looking | Batting: RHB Tim Guerrero | 0-0: Ball 1-0: Ball 2-0: Ball 3-0: Called Strike 3-1: Fly out, F9 (Flyball, 89M) | Batting: RHB Mike Pope | 0-0: Called Strike 0-1: Called Strike 0-2: Ball 1-2: Foul Ball, location: 2F 1-2: Strikes out swinging | Top of the 1st over - 0 runs, 0 hits, 0 errors, 0 left on base; Wake Forest 0 - Georgetown 0 | BOTTOM OF THE 1ST |
---|
Georgetown Hoyas batting - Pitching for Wake Forest Demon Deacons : RHP Javier Morán | Pitching: RHP Javier Morán | | Batting: SHB Luis Garza | 0-0: Fly out, F8 (Flyball, 89D) | Batting: RHB Earl Chase | 0-0: Ball 1-0: SOLO HOME RUN (Flyball, 7LD), Distance : 332 ft | Batting: RHB Terry Davis | 0-0: Called Strike 0-1: Ball 1-1: Called Strike 1-2: Ball 2-2: Strikes out swinging | Batting: RHB Louis Miller | 0-0: Called Strike 0-1: Ball 1-1: SOLO HOME RUN (Line Drive, 9LD), Distance : 334 ft | Batting: RHB Javier Moreno | 0-0: Ground out 4-3 (Groundball, 4MS) | Bottom of the 1st over - 2 runs, 2 hits, 0 errors, 0 left on base; Wake Forest 0 - Georgetown 2 | TOP OF THE 2ND |
---|
Wake Forest Demon Deacons batting - Pitching for Georgetown Hoyas : LHP Jack Mathews | Batting: RHB Terry Griffin | 0-0: Ball 1-0: Ball 2-0: Foul Ball, location: 2F 2-1: Foul Ball, location: 2F 2-2: Ball 3-2: Base on Balls | Batting: LHB Gregory Pérez | 0-0: Called Strike 0-1: Foul Ball, location: 2F 0-2: Ball 1-2: Strikes out swinging | Batting: RHB Héctor Solís | 0-0: Called Strike 0-1: Ball Terry Griffin is caught stealing 2nd base 1-1: Fly out, F8 (Flyball, 78D) | Top of the 2nd over - 0 runs, 0 hits, 0 errors, 0 left on base; Wake Forest 0 - Georgetown 2 | BOTTOM OF THE 2ND |
---|
Georgetown Hoyas batting - Pitching for Wake Forest Demon Deacons : RHP Javier Morán | Batting: LHB Boyd Boone | 0-0: Foul Ball, location: 2F 0-1: Foul Ball, location: 2F 0-2: Ball 1-2: Strikes out swinging | Batting: LHB Doug Reed | 0-0: Ball 1-0: Called Strike 1-1: Ball 2-1: Called Strike 2-2: Strikes out swinging | Batting: SHB Bob Allen | 0-0: Ball 1-0: Foul Ball, location: 2F 1-1: Ball 2-1: Swinging Strike 2-2: Ball 3-2: Base on Balls | Batting: RHB Dave Hayes | 0-0: Ball 1-0: SINGLE (Flyball, 9LS) Bob Allen to second Runner from 2nd tries for 3rd, SAFE, no throw | Batting: SHB Luis Garza | 0-0: Called Strike 0-1: Ball 1-1: Foul Ball, location: 2F 1-2: Foul Ball, location: 2F 1-2: Ball 2-2: Ball 3-2: SINGLE (Line Drive, 9LS) Bob Allen scores Dave Hayes to second Dave Hayes to third | Batting: RHB Earl Chase | 0-0: Called Strike 0-1: Ball 1-1: Ball 2-1: Ball 3-1: Fielders Choice at 2nd, 6-4 (Groundball, 6) | Bottom of the 2nd over - 1 run, 2 hits, 0 errors, 2 left on base; Wake Forest 0 - Georgetown 3 | TOP OF THE 3RD |
---|
Wake Forest Demon Deacons batting - Pitching for Georgetown Hoyas : LHP Jack Mathews | Batting: SHB Elvis Gonzáles | 0-0: Called Strike 0-1: Foul Ball, location: 2F 0-2: Strikes out looking | Batting: LHB Don Harris | 0-0: Ball 1-0: Called Strike 1-1: Ball 2-1: Foul Ball, location: 2F 2-2: Foul Ball, location: 2F 2-2: Ball 3-2: SINGLE (Line Drive, 89S) | Batting: RHB William Hudson | 0-0: Swinging Strike 0-1: Swinging Strike 0-2: Strikes out swinging | Batting: RHB Tyler Robinson | 0-0: Foul Ball, location: 2F 0-1: Foul Ball, location: 2F 0-2: Foul Ball, location: 2F 0-2: Ball 1-2: Ball 2-2: Foul Ball, location: 2F 2-2: Foul Ball, location: 2F 2-2: Fly out, F8 (Flyball, 8LM) | Top of the 3rd over - 0 runs, 1 hit, 0 errors, 1 left on base; Wake Forest 0 - Georgetown 3 | BOTTOM OF THE 3RD |
---|
Georgetown Hoyas batting - Pitching for Wake Forest Demon Deacons : RHP Javier Morán | Batting: RHB Terry Davis | 0-0: Fly out, F4 (Popup, 34D) | Batting: RHB Louis Miller | 0-0: Ball 1-0: Ball 2-0: Ball 3-0: Called Strike 3-1: Base on Balls | Batting: RHB Javier Moreno | 0-0: Ball 1-0: Foul Ball, location: 2F 1-1: Foul Ball, location: 2F 1-2: Ball 2-2: Strikes out swinging | Batting: LHB Boyd Boone | 0-0: 2-RUN HOME RUN (Flyball, 9LD), Distance : 331 ft | Batting: LHB Doug Reed | 0-0: Called Strike 0-1: Ball 1-1: Foul Ball, location: 2F 1-2: Ball 2-2: Strikes out swinging | Bottom of the 3rd over - 2 runs, 1 hit, 0 errors, 0 left on base; Wake Forest 0 - Georgetown 5 | TOP OF THE 4TH |
---|
Wake Forest Demon Deacons batting - Pitching for Georgetown Hoyas : LHP Jack Mathews | Batting: RHB Tim Guerrero | 0-0: Fly out, F4 (Line Drive, 34) | Batting: RHB Mike Pope | 0-0: Called Strike 0-1: Swinging Strike 0-2: Ball 1-2: Hit by Pitch | Batting: RHB Terry Griffin | 0-0: Ball 1-0: Called Strike 1-1: Foul Ball, location: 2F 1-2: Strikes out swinging | Batting: LHB Gregory Pérez | 0-0: Ball 1-0: Called Strike 1-1: Swinging Strike 1-2: Single, Error in OF, E7, batter to second base Mike Pope to third | Batting: RHB Héctor Solís | 0-0: 3-RUN HOME RUN (Flyball, 78XD), Distance : 371 ft | Batting: SHB Elvis Gonzáles | 0-0: Ball 1-0: Foul Ball, location: 2F 1-1: SOLO HOME RUN (Flyball, 78XD), Distance : 382 ft | Batting: LHB Don Harris | 0-0: Called Strike 0-1: Ball 1-1: Called Strike 1-2: Ball 2-2: Fly out, F7 (Flyball, 7D) | Top of the 4th over - 4 runs, 3 hits, 1 error, 0 left on base; Wake Forest 4 - Georgetown 5 | BOTTOM OF THE 4TH |
---|
Georgetown Hoyas batting - Pitching for Wake Forest Demon Deacons : RHP Javier Morán | Batting: SHB Bob Allen | 0-0: Ball 1-0: Fly out, F7 (Flyball, 7S) | Batting: RHB Dave Hayes | 0-0: Ball 1-0: Ball 2-0: Foul Ball, location: 2F 2-1: Fly out, F8 (Flyball, 8RD) | Batting: SHB Luis Garza | 0-0: Called Strike 0-1: Fly out, F7 (Flyball, 78D) | Bottom of the 4th over - 0 runs, 0 hits, 0 errors, 0 left on base; Wake Forest 4 - Georgetown 5 | TOP OF THE 5TH |
---|
Wake Forest Demon Deacons batting - Pitching for Georgetown Hoyas : LHP Jack Mathews | Batting: RHB William Hudson | 0-0: Ball 1-0: Fly out, F8 (Flyball, 8RS) | Batting: RHB Tyler Robinson | 0-0: Called Strike 0-1: Ball 1-1: Foul Ball, location: 2F 1-2: Strikes out looking | Batting: RHB Tim Guerrero | 0-0: Called Strike 0-1: Called Strike 0-2: Ball 1-2: Ball 2-2: Fly out, F9 (Flyball, 89M) | Top of the 5th over - 0 runs, 0 hits, 0 errors, 0 left on base; Wake Forest 4 - Georgetown 5 | BOTTOM OF THE 5TH |
---|
Georgetown Hoyas batting - Pitching for Wake Forest Demon Deacons : RHP Javier Morán | Pitching: LHP Mike Hill | | Batting: RHB Earl Chase | 0-0: Foul Ball, location: 2F 0-1: Ball 1-1: Ground out 4-3 (Groundball, 4MS) | Batting: RHB Terry Davis | 0-0: Ball 1-0: Ball 2-0: Ball 3-0: Base on Balls | Batting: RHB Louis Miller | 0-0: Fly out, F2 (Popup, 23F) | Batting: RHB Javier Moreno | 0-0: Fly out, F8 (Flyball, 8LS) | Bottom of the 5th over - 0 runs, 0 hits, 0 errors, 1 left on base; Wake Forest 4 - Georgetown 5 | TOP OF THE 6TH |
---|
Wake Forest Demon Deacons batting - Pitching for Georgetown Hoyas : LHP Jack Mathews | Pitching: RHP Rich Puckett | | Batting: RHB Mike Pope | 0-0: Ball 1-0: Fly out, F7 (Flyball, 7S) | Batting: RHB Terry Griffin | 0-0: Ball 1-0: Ball 2-0: Ball 3-0: Base on Balls | Batting: LHB Gregory Pérez | 0-0: Swinging Strike 0-1: Swinging Strike 0-2: Ball 1-2: Ball 2-2: Reached on error, E1 (Groundball, 13) Terry Griffin to second | Batting: RHB Héctor Solís | 0-0: Called Strike Terry Griffin steals 3rd base Gregory Pérez to second 0-1: Ball 1-1: Ball 2-1: Fly out, F7 (Flyball, 7LMF) Runner from 3rd tags up, SCORES, no throw | Batting: SHB Elvis Gonzáles | 0-0: Called Strike 0-1: Ball 1-1: Foul Ball, location: 2F 1-2: Ball 2-2: SINGLE (Line Drive, 6) Gregory Pérez to third Runner from 3rd tries for Home, SAFE, throw made home | Batting: LHB Don Harris | 0-0: Ball 1-0: Fly out, F8 (Flyball, 8RD) | Top of the 6th over - 2 runs, 1 hit, 1 error, 1 left on base; Wake Forest 6 - Georgetown 5 | BOTTOM OF THE 6TH |
---|
Georgetown Hoyas batting - Pitching for Wake Forest Demon Deacons : LHP Mike Hill | Batting: LHB Boyd Boone | 0-0: Ball 1-0: Swinging Strike 1-1: Fly out, F4 (Line Drive, 4) | Batting: LHB Doug Reed | 0-0: Ball 1-0: Ball 2-0: Ball 3-0: Called Strike 3-1: Base on Balls | Batting: SHB Bob Allen | 0-0: Ball 1-0: Ball Doug Reed steals 2nd base 2-0: Ball 3-0: Base on Balls | Batting: RHB Dave Hayes | 0-0: Grounds into double play, 3-6-3 (Groundball, 34) | Bottom of the 6th over - 0 runs, 0 hits, 0 errors, 1 left on base; Wake Forest 6 - Georgetown 5 | TOP OF THE 7TH |
---|
Wake Forest Demon Deacons batting - Pitching for Georgetown Hoyas : RHP Rich Puckett | Batting: RHB William Hudson | 0-0: Ball 1-0: SOLO HOME RUN (Flyball, 9LD), Distance : 328 ft | Pitching: RHP Rob Mullins | | Batting: RHB Tyler Robinson | 0-0: Called Strike 0-1: Ball 1-1: Swinging Strike 1-2: Foul Ball, location: 2F 1-2: Ball 2-2: SINGLE (Line Drive, 7S) | Batting: RHB Tim Guerrero | 0-0: Ball Tyler Robinson is caught stealing 2nd base 1-0: Ball 2-0: Ball 3-0: Base on Balls | Batting: RHB Mike Pope | 0-0: Called Strike 0-1: Swinging Strike 0-2: Ball 1-2: Ball 2-2: Foul Ball, location: 2F 2-2: Strikes out swinging | Batting: RHB Terry Griffin | Balk! Tim Guerrero to second 0-0: Ball 1-0: Ball 2-0: Called Strike 2-1: Ball 3-1: Fly out, F8 (Line Drive, 8LD) | Top of the 7th over - 1 run, 2 hits, 0 errors, 1 left on base; Wake Forest 7 - Georgetown 5 | BOTTOM OF THE 7TH |
---|
Georgetown Hoyas batting - Pitching for Wake Forest Demon Deacons : LHP Mike Hill | Batting: SHB Luis Garza | 0-0: Ball 1-0: Ball 2-0: Swinging Strike 2-1: Foul Ball, location: 2F 2-2: Strikes out looking | Batting: RHB Earl Chase | 0-0: Ball 1-0: Called Strike 1-1: Ball 2-1: Fly out, F8 (Flyball, 8RS) | Batting: RHB Terry Davis | 0-0: Called Strike 0-1: SINGLE (Groundball, 6MD) | Batting: RHB Louis Miller | 0-0: Ball 1-0: Ball 2-0: Ball 3-0: Called Strike 3-1: DOUBLE (Flyball, 89D) Terry Davis to third | Batting: RHB Javier Moreno | 0-0: Called Strike 0-1: Ball 1-1: Ball 2-1: Fly out, F4 (Line Drive, 4) | Bottom of the 7th over - 0 runs, 2 hits, 0 errors, 2 left on base; Wake Forest 7 - Georgetown 5 | TOP OF THE 8TH |
---|
Wake Forest Demon Deacons batting - Pitching for Georgetown Hoyas : RHP Rob Mullins | Batting: LHB Gregory Pérez | 0-0: Ball 1-0: Ball 2-0: Ball 3-0: Called Strike 3-1: Base on Balls | Batting: RHB Héctor Solís | 0-0: Bunted foul 0-1: Bunted foul 0-2: Ball 1-2: Strikes out swinging | Batting: SHB Elvis Gonzáles | 0-0: Ball 1-0: Called Strike 1-1: Ball 2-1: Fly out, F7 (Flyball, 78M) | Batting: LHB Don Harris | 0-0: Ball 1-0: Called Strike 1-1: SINGLE (Groundball, 34D) Gregory Pérez to second Runner from 2nd tries for 3rd, SAFE, no throw | Batting: RHB William Hudson | 0-0: Ball 1-0: Foul Ball, location: 2F 1-1: Called Strike 1-2: Strikes out swinging | Top of the 8th over - 0 runs, 1 hit, 0 errors, 2 left on base; Wake Forest 7 - Georgetown 5 | BOTTOM OF THE 8TH |
---|
Georgetown Hoyas batting - Pitching for Wake Forest Demon Deacons : LHP Mike Hill | Batting: LHB Boyd Boone | 0-0: Ball 1-0: Called Strike 1-1: Called Strike 1-2: SINGLE (Flyball, 4MD) | Batting: LHB Doug Reed | 0-0: Ball 1-0: SINGLE (Groundball, 3D) Boyd Boone to second Runner from 2nd tries for 3rd, OUT! | Batting: SHB Bob Allen | 0-0: Swinging Strike 0-1: Ball 1-1: Foul Ball, location: 2F 1-2: Strikes out swinging | Batting: RHB Dave Hayes | 0-0: Called Strike 0-1: Ball 1-1: Ball 2-1: Ball 3-1: Base on Balls Doug Reed to second | Pitching: RHP Gerald McPherson | | Batting: SHB Luis Garza | 0-0: Ground out 5-3 (Groundball, 56) | Bottom of the 8th over - 0 runs, 2 hits, 0 errors, 2 left on base; Wake Forest 7 - Georgetown 5 | TOP OF THE 9TH |
---|
Wake Forest Demon Deacons batting - Pitching for Georgetown Hoyas : RHP Rob Mullins | Pitching: RHP Clay Evans | | Batting: RHB Tyler Robinson | 0-0: Ball 1-0: Ball 2-0: Called Strike 2-1: Ground out 3-1 (Groundball, 2R) | Batting: RHB Tim Guerrero | 0-0: SINGLE (Groundball, 5S) (infield hit) | Batting: RHB Mike Pope | 0-0: Foul Ball, location: 2F 0-1: Fielders Choice at 2nd, 5-4 (Groundball, 56) | Batting: RHB Terry Griffin | 0-0: Ball 1-0: Ground out U3 (Groundball, 34S) | Top of the 9th over - 0 runs, 1 hit, 0 errors, 1 left on base; Wake Forest 7 - Georgetown 5 | BOTTOM OF THE 9TH |
---|
Georgetown Hoyas batting - Pitching for Wake Forest Demon Deacons : RHP Gerald McPherson | Batting: RHB Earl Chase | 0-0: Ground out 6-3 (Groundball, 6S) | Batting: RHB Terry Davis | 0-0: Ball 1-0: Ball 2-0: Ball 3-0: Called Strike 3-1: SOLO HOME RUN (Line Drive, 9LD), Distance : 333 ft | Batting: RHB Louis Miller | 0-0: Ball 1-0: Swinging Strike 1-1: Swinging Strike 1-2: Ball 2-2: Foul Ball, location: 2F 2-2: Foul Ball, location: 2F 2-2: Fly out, F7 (Flyball, 78M) | Batting: RHB Javier Moreno | 0-0: Called Strike 0-1: Ball 1-1: Foul Ball, location: 2F 1-2: Foul Ball, location: 2F 1-2: Strikes out swinging | Bottom of the 9th over - 1 run, 1 hit, 0 errors, 0 left on base; Wake Forest 7 - Georgetown 6 | |